 Dungeon Crawl Stone Soup version 0.28.0-49-g6dfe1f597d (webtiles) character file.

Game seed: 9906258717769424054

157 pkoi the Gusty (level 4, -4/34 HPs)
             Began as a Demigod Air Elementalist on May 18, 2022.
             Killed from afar by a white imp (7 damage)
             ... with a puff of frost
             ... summoned by Eustachio
             ... on level 4 of the Dungeon.
             The game lasted 00:03:58 (5744 turns).

pkoi the Gusty (Demigod Air Elementalist)           Turns: 5744, Time: 00:03:59

Health: -4/34      AC:  2    Str:  9    XL:     4   Next: 93%
Magic:  3/9        EV: 12    Int: 21    God:
Gold:   191        SH:  0    Dex: 14    Spells: 0/7 levels left

rFire   . . .      SeeInvis .   d - +0 dagger
rCold   . . .      Faith    .   (no shield)
rNeg    . . .      Spirit   .   a - +0 robe
rPois   .          Reflect  .   (no helmet)
rElec   .          Harm     .   (no cloak)
rCorr   .          Rampage  .   (no gloves)
Will    .....                   (no boots)
Stlth   ++........              (no amulet)
HPRegen 0.11/turn               (no ring)
MPRegen 0.11/turn               (no ring)

@: no status effects
A: high MP 1, forlorn, divine attributes
a: no special abilities


You were on level 4 of the Dungeon.
You visited 1 branch of the dungeon, and saw 4 of its levels.

You collected 191 gold pieces.

Inventory:

Hand Weapons
 c - a +0 mace
 d - a +0 dagger (weapon)
Missiles
 h - 8 poisoned darts
Armour
 a - a +0 robe (worn)
Scrolls
 i - a scroll of fog {unknown}
Potions
 b - 3 potions of curing {unknown}
 e - a potion of cancellation {unknown}
 f - a potion of heal wounds
 g - a potion of haste {unknown}
 j - 2 potions of magic {unknown}
 k - a potion of attraction {unknown}


   Skills:
 + Level 0.6 Fighting
 + Level 0.6 Armour
 + Level 2.0 Dodging
 - Level 1.7 Stealth
 + Level 2.0 Spellcasting
 + Level 1.3 Conjurations
 * Level 4.7 Air Magic


You couldn't memorise any spells.
You knew the following spells:

 Your Spells              Type           Power      Damage    Failure   Level
a - Shock                 Conj/Air       56%        1d6       4%          1
b - Static Discharge      Conj/Air       14%        N/A       6%          2
c - Airstrike             Air            11%        N/A       21%         4

Your spell library contained the following spells:

 Spells                   Type           Power      Damage    Failure   Level
 Swiftness                Air            22%        N/A       6%          3
 Foxfire                  Conj/Fire      16%        2x1d4     11%         1
 Sublimation of Blood     Necr           2%         N/A       22%         2
 Wereblood                Tmut           2%         N/A       22%         2
 Conjure Flame            Conj/Fire      4%         6-21      32%         3
 Inner Flame              Hex/Fire       2%         N/A       41%         3
 Flame Wave               Conj/Fire      4%         2d5       73%         4
 Summon Hydra             Summ           1%         N/A       100%        7


Dungeon Overview and Level Annotations

Branches:
Dungeon (4/15)
 Temple: D:4-7

Annotations:
D:4 Eustachio


Innate Abilities, Weirdness & Mutations

You have an increased reservoir of magic. (+10% MP)
You shall have no god before yourself.
Your divine heritage dramatically boosts your attributes as you level up.


Message History

Magic restored.
Eustachio is nearby!
The zap hits Eustachio but does no damage.
Eustachio shouts!
The zap hits Eustachio.
Eustachio is lightly wounded.
The zap hits Eustachio.
Eustachio is lightly wounded.
The zap hits Eustachio.
Eustachio is moderately wounded.
The zap hits Eustachio.
Eustachio is moderately wounded.
The zap hits Eustachio.
Eustachio is moderately wounded.
Eustachio gestures wildly while chanting.
The zap hits Eustachio.
Eustachio is moderately wounded.
The zap misses the white imp.
Eustachio casts a spell.
Eustachio blinks!
The white imp gestures at you. The puff of frost hits you.
Found a scroll of identify.
The white imp gestures at you. The puff of frost hits you.
* * * LOW HITPOINT WARNING * * *
The shadow imp gestures at you.
You barely resist. The white imp gestures at you. The puff of frost hits you!
* * * LOW HITPOINT WARNING * * *
The white imp gestures at you. The puff of frost hits you!
* * * LOW HITPOINT WARNING * * *
The shadow imp grinds its teeth.
The white imp picks up a beetle and eats it.
There is a stone staircase leading up here.
The white imp gestures at you. The puff of frost hits you!
You die...

. .## #.. .# ##?.#
..###...#
..#....### # ...
#.....#@### .##
....#.........##..#
..................#
.....##..5........#
.....##5..#......##
......#...........#
......5..........##
"..............###
.........##....#


You could see 2 white imps and a shadow imp (summoned).

Vanquished Creatures
  3 gnolls (D:3)
  7 adders
  2 worms
  2 orcs
  4 endoplasms
  2 giant cockroaches
  2 goblins
  7 hobgoblins
  8 kobolds
  5 quokkas
  2 ball pythons
  9 bats
  A frilled lizard (D:2)
  5 rats
59 creatures vanquished.

Vanquished Creatures (others)
  A goblin (D:3)
  2 withered plants (D:3)
3 creatures vanquished.

Grand Total: 62 creatures vanquished

Notes
Turn   | Place    | Note
-------+----------+-------------------------------------------
     0 | D:1      | pkoi the Demigod Air Elementalist began the quest for the
                  | Orb.
     0 | D:1      | Reached XP level 1. HP: 14/14 MP: 5/5
   336 | D:1      | Reached skill level 3 in Air Magic
   489 | D:1      | Reached XP level 2. HP: 20/20 MP: 2/7
  1341 | D:2      | Reached XP level 3. HP: 20/26 MP: 1/8
  1344 | D:2      | Reached skill level 4 in Air Magic
  1672 | D:2      | Learned a level 2 spell: Static Discharge
  3013 | D:3      | Reached XP level 4. HP: 26/33 MP: 0/9
  3289 | D:3      | Reached skill level 1 in Conjurations
  5441 | D:4      | Noticed Eustachio
  5672 | D:3      | Learned a level 4 spell: Airstrike
  5744 | D:4      | Killed from afar by a white imp

Illustrated notes

Levels and vault maps discovered:
D:1:      lightli_arrival_quake, layout_loops_cross, serial_glass,
          glass_columns_a, glass_columns_a, glass_columns_b, glass_columns_b,
          glass_columns_a, glass_columns_a, glass_columns_b, glass_columns_c,
          glass_columns_c, glass_columns_a, glass_columns_a, glass_columns_b,
          glass_columns_a, glass_columns_a, minmay_tall_x
D:2:      minmay_diamond_boxcup, layout_basic, basic_altar
D:3:      layout_basic, kiku_gazebo_garden_becter, serial_glass,
          glass_columns_b, glass_columns_a, glass_columns_b, glass_columns_c,
          glass_columns_a, glass_columns_c,
          hellmonk_ecumenical_altar_pennies_from_heaven, lemuel_old_faithful
D:4:      layout_cave_pools, jmf_multi_god_temple, minmay_ruptured,
          uniq_eustachio

Skill      XL: |  1  2  3  4 |
---------------+-------------+-----
Air Magic      | 3 4 |  4.7
Conjurations   | 1 |  1.3
Spellcasting   | 2 |  2.0
Dodging        | 2 |  2.0
Fighting       | |  0.6
Armour         | |  0.6
Stealth        | |  1.7

Action                   |  1- 3 |  4- 6 || total
-------------------------+-------+-------++-------
Melee: Dagger            |    30 |       ||    30
       Punch             |     1 |       ||     1
 Cast: Shock             |    98 |    69 ||   167
       Static Discharge  |       |     3 ||     3
  Use: Scroll            |     2 |       ||     2
       Potion            |     1 |       ||     1
 Stab: Sleeping          |     2 |       ||     2
Armor: Robe              |     9 |     3 ||    12
Dodge: Dodged            |    29 |    14 ||    43
